 Dungeon Crawl Stone Soup version bcrawl-1.26.1 (webtiles) character file.

Game seed: 5813419410954346160

238762 Freyura the Sneak (level 7, -10/52 HPs)
             Began as a Vampire Gladiator on July 11, 2020.
             Was a Priest of Ru.
             Mangled by a two-headed ogre
             ... wielding a +0 giant club
              (20 damage)
             ... on level 5 of the Dungeon.
             The game lasted 00:13:19 (3519 turns).

Freyura the Sneak (Vampire Gladiator)               Turns: 3519, Time: 00:13:20

Health: -10/52     AC:  5    Str: 17    XL:     7   Next: 43%
Magic:  7/7        EV: 15    Int:  8    God:    Ru [***...]
Gold:   264        SH:  0    Dex: 19    Spells: 6/6 levels left

rFire    . . .     SeeInvis +   a - +3 rapier
rCold    + . .     Gourm    .   (shield unavailable)
rNeg     + + .     Faith    .   y - +0 robe
rPois    ∞         Spirit   .   c - +1 helmet
rElec    .         Reflect  .   r - +0 cloak
rCorr    .         Harm     .   (no gloves)
MR       .....                  (no boots)
Stlth    ++++++....             (no amulet)
HPRegen  0.08/turn              (ring unavailable)
MPRegen  0.10/turn              e - +2 ring of dexterity

@: bloodless, regenerating slowly
A: claws 1, fangs 3, see invisible, unbreathing, missing a hand
a: Draw Out Power, Renounce Religion


You were on level 5 of the Dungeon.
You worshipped Ru.
Ru was most pleased with you.
You were bloodless.

You visited 1 branch of the dungeon, and saw 5 of its levels.

You collected 264 gold pieces.

Inventory:

Hand Weapons
 a - a +3 rapier (weapon)
Armour
 c - a +1 helmet (worn)
 r - a +0 cloak (worn)
 y - a +0 robe (worn)
Jewellery
 e - a +2 ring of dexterity (right claw)
 p - an uncursed ring of magical power
 s - an uncursed ring of resist corrosion
Wands
 u - a wand of digging (10)
Scrolls
 h - 2 scrolls of magic mapping
 j - 5 scrolls of remove curse
 k - 3 scrolls of teleportation
Potions
 b - a potion of resistance {unknown}
 f - 2 potions of invisibility
 g - 3 potions of curing
 i - a potion of brilliance {unknown}
 m - 2 potions of lignification {unknown}
 n - a potion of cancellation {unknown}
 q - 10 potions of blood
 w - a potion of might {unknown}
 x - a potion of flight {unknown}


   Skills:
 + Level 3.4 Fighting
 * Level 6.5 Short Blades
 - Level 1.5 Throwing
 + Level 4.8 Dodging
 * Level 6.9 Stealth
   Level 0.0 Shields


You had 6 spell levels left.
You didn't know any spells.
Your spell library contained the following spells:

 Spells                   Type           Power        Failure   Level  Hunger
 Animate Skeleton         Necr           N/A          41%         1    ##.....
 Pain                     Necr           #.....       41%         1    ##.....
 Regeneration             Chrm/Necr      #.........   78%         3    ####...
 Vampiric Draining        Necr           #.........   78%         3    ####...
 Animate Dead             Necr           N/A          99%         4    #####..
 Bolt of Draining         Conj/Necr      #.........   100%        5    ######.


Dungeon Overview and Level Annotations

Branches:
Dungeon (5/12)             Temple (0/1) D:4

Altars:
Elyvilon
Fedhas
Lugonu
Ru
The Shining One

Shops:
D:4 =


Innate Abilities, Weirdness & Mutations

You heal slowly.
You are immune to poison.
You have sharp fingernails.
You have razor-sharp teeth.
You have supernaturally acute eyesight. (SInv)
You can survive without breathing.
You are missing a hand.


Message History

You barely miss the wight.
The wight is lightly damaged.
You hit the wight but do no damage.
The wight is lightly damaged.
The wight hits you but does no damage.
You hit the wight.
The wight is moderately damaged.
You redirect the wight's attack!
The wight hits itself but does no damage.
You barely miss the wight.
The wight is moderately damaged.
The wight closely misses you. The wight closely misses you.
You see here a worker ant corpse.
You hit the two-headed ogre.
The two-headed ogre is lightly wounded.
The two-headed ogre hits you with a +0 giant club!!
* * * LOW HITPOINT WARNING * * *
The two-headed ogre hits you with a +0 giant club!!
You die...

... ## ... .## ..
..# .. ..# #'#
..# # #.# ..#
#..###.###..#
#..###_@Oz.#
#..###.###.# #
#.# .#
##..###'###.#
............####
.#######..#....##
...............#
########.......#
#######......#


You could see a two-headed ogre and a wight.

Vanquished Creatures
  A sky beast (D:4)
  3 scorpions
  2 crimson imps (D:4)
  A centaur skeleton (D:4)
  2 jellies (D:4)
  3 orc wizards
  A worker ant (D:5)
  A worker ant zombie (D:5)
  5 adders
  3 gnolls (D:4)
  2 shadow imps
  An ooze (D:2)
  4 worms
  An adder skeleton (D:5)
  A dart slug (D:1)
  3 leopard geckos
  9 orcs
  5 bats
  3 giant cockroaches
  4 goblins
  3 hobgoblins (D:2)
  11 jackals
  3 quokkas (D:4)
  A frilled lizard (D:1)
  A jackal skeleton (D:4)
  4 kobolds
  A rat (D:1)
79 creatures vanquished.

Vanquished Creatures (others)
  A bullfrog skeleton (D:4)
1 creature vanquished.

Grand Total: 80 creatures vanquished

Notes
Turn   | Place    | Note
-------+----------+-------------------------------------------
     0 | D:1      | Freyura the Vampire Gladiator began the quest for the Orb.
     0 | D:1      | Reached XP level 1. HP: 16/16 MP: 1/1
    34 | D:1      | Reached skill level 1 in Stealth
    72 | D:1      | Reached XP level 2. HP: 22/22 MP: 2/2
   874 | D:2      | Reached XP level 3. HP: 27/27 MP: 3/3
  1440 | D:2      | Reached XP level 4. HP: 34/34 MP: 4/4
  1694 | D:3      | Found a blossoming altar of Fedhas.
  1712 | D:3      | Found a sacrificial altar of Ru.
  1720 | D:3      | Became a worshipper of Ru the Awakened
  2127 | D:3      | Reached skill level 1 in Shields
  2127 | D:3      | Reached XP level 5. HP: 27/39 MP: 5/5
  2391 | D:4      | Reached skill level 5 in Short Blades
  2401 | D:4      | Noticed a sky beast
  2410 | D:4      | Killed a sky beast
  2410 | D:4      | Reached XP level 6. HP: 46/46 MP: 6/6
  2427 | D:4      | Found Urotz's Jewellery Shop.
  2467 | D:4      | Found a staircase to the Ecumenical Temple.
  2487 | D:4      | Reached skill level 5 in Stealth
  2793 | D:4      | Found a corrupted altar of Lugonu.
  2813 | D:4      | Gained mutation: You are missing a hand. [Ru sacrifice]
  2813 | D:4      | Reached * piety under Ru
  2813 | D:4      | Reached ** piety under Ru
  2813 | D:4      | Reached *** piety under Ru
  2991 | D:4      | Found a white marble altar of Elyvilon.
  3162 | D:4      | Reached XP level 7. HP: 36/52 MP: 7/7
  3440 | D:5      | Entered Level 5 of the Dungeon
  3459 | D:5      | Found a glowing golden altar of the Shining One.
  3510 | D:5      | Noticed a two-headed ogre
  3519 | D:5      | Mangled by a two-headed ogre

Skill      XL: |  1  2  3  4  5  6 |
---------------+-------------------+-----
Stealth        | 1 2 3 4 6 |  6.9
Short Blades   | 4 5 6 |  6.5
Fighting       | 2 3 |  3.4
Dodging        | 4 |  4.8
Shields        | 1 0 |  0.0
Throwing       | |  1.5

Action                   |  1- 3 |  4- 6 |  7- 9 || total
-------------------------+-------+-------+-------++-------
Melee: Rapier            |    77 |    63 |    44 ||   184
       Bite              |     5 |     6 |     8 ||    19
Invok: Sacrifice a Hand  |       |     1 |       ||     1
  Use: Scroll            |       |     7 |     5 ||    12
 Stab: Sleeping          |     8 |    18 |     2 ||    28
       Distracted        |     1 |     2 |       ||     3
Armor: Leather armour    |    24 |       |       ||    24
       Robe              |       |     5 |     6 ||    11
Dodge: Dodged            |    36 |    15 |    33 ||    84
Block: Buckler           |    10 |     5 |       ||    15
